 Dungeon Crawl Stone Soup version 0.19.5 (webtiles) character file.

2392 Firecrotchwizard the Destroyer (level 9, 0/62 HPs)
             Began as a Grey Draconian Conjurer on Apr 15, 2017.
             Killed from afar by an electric eel (12 damage)
             ... with a bolt of electricity
             ... on level 6 of the Dungeon.
             The game lasted 00:28:06 (8647 turns).

Firecrotchwizard the Destroyer (DrCj)               Turns: 8647, Time: 00:28:06

Health: 0/62       AC: 17    Str: 12    XL:     9   Next: 22%
Magic:  11/18      EV: 12    Int: 18    God:
Gold:   281        SH:  0    Dex: 11    Spells: 4 memorised, 8 levels left

rFire  . . .     SeeInvis +     g - +2 quarterstaff (chaos)
rCold  . . .     Gourm    .     (armour unavailable)
rNeg   . . .     Faith    .     (shield currently unavailable)
rPois  +         Spirit   .     (helmet restricted)
rElec  .         Reflect  .     v - +2 cloak {rPois}
rCorr  .         Harm     .     (no gloves)
MR     .....                    D - +1 pair of boots
Stlth  ++........               c - amulet of rage {+Rage, !d}
                                E - ring of see invisible {sInv, !d}
                                (no ring)

@: no status effects
A: walk through water, unfitting armour, unbreathing, cold-blooded, AC +12
a: Evoke Berserk Rage


You were on level 6 of the Dungeon.
You were hungry.

You visited 1 branch of the dungeon, and saw 6 of its levels.

You collected 281 gold pieces.

Inventory:

Hand Weapons
 g - a +2 quarterstaff of chaos (weapon)
   (You took it off Crazy Yiuf on level 3 of the Dungeon)
 h - a +0 dire flail of crushing
   (You took it off Edmund on level 6 of the Dungeon)
 q - a +0 blowgun
   (You took it off a kobold on level 3 of the Dungeon)
 u - a +1 dagger of draining
   (You took it off a goblin on level 3 of the Dungeon)
 C - a +0 dagger of venom
   (You took it off an orc on level 5 of the Dungeon)
Missiles
 p - 7 curare-tipped needles
Armour
 v - a +2 cloak of poison resistance (worn)
   (You took it off Crazy Yiuf on level 3 of the Dungeon)
 D - a +1 pair of boots (worn)
   (You found it on level 5 of the Dungeon)
Jewellery
 c - an amulet of rage (around neck) {+Rage, !d}
   (You found it on level 6 of the Dungeon)
 e - an uncursed ring of positive energy {rN+}
   (You found it on level 3 of the Dungeon)
 E - a ring of see invisible (right hand) {sInv, !d}
   (You found it on level 5 of the Dungeon)
Wands
 l - a wand of digging (14/24)
   (You took it off Edmund on level 6 of the Dungeon)
 z - a wand of enslavement (24/24)
   (You found it on level 4 of the Dungeon)
Scrolls
 d - a scroll of identify
 f - 2 scrolls of fear
 j - a scroll of remove curse
 m - 3 scrolls of amnesia
Potions
 o - a potion of degeneration {unknown}
 r - a potion of haste {unknown}
 s - 2 potions of curing
 w - 2 potions of agility
 A - a potion of cancellation {unknown}
 F - a potion of might {unknown}
Books
 a - a book of Conjurations
Comestibles
 b - 4 bread rations {@e1}
 k - 4 meat rations {@e2}


   Skills:
 - Level 1.7 Dodging
 - Level 1.7 Stealth
 + Level 6.2 Spellcasting
 + Level 8.3 Conjurations
 * Level 6.9 Charms


You had 8 spell levels left.
You knew the following spells:

 Your Spells              Type           Power        Failure   Level  Hunger
a - Magic Dart            Conj           ####         1%          1    None
b - Searing Ray           Conj           #####.       1%          2    None
x - Iskenderun's Mystic   Conj           #####...     4%          4    ####...
z - Iskenderun's Battles  Conj/Chrm      ####....     17%         5    #####..


Dungeon Overview and Level Annotations

Branches:
Dungeon (6/15)
 Temple: D:4-7

Altars:
Ashenzari
Gozag
Zin
The Shining One

Annotations:
D:4 exclusion: Sigmund, Sigmund


Innate Abilities, Weirdness & Mutations

You can walk through water.
Your dull iron-grey scales are very hard. (AC +12)
You cannot fit into any form of body armour.
You can survive without breathing.
You are cold-blooded and may be slowed by cold attacks.


Message History

You start resting.
All of the chunks of flesh in your inventory have rotted away.
Health restored: 62; MP restored: 18
d - an ivory ring You're wearing all the rings you can.
Remove which one? (? for menu, Esc to cancel) < or
e - a ring of positive energy {rN+} > or
E - a ring of see invisible {sInv, !d} You remove your ring of positive energy {rN+}.
Oops, that ring feels deathly cold.
d - a cursed -3 ring of evasion (left hand)
As you read the scroll of remove curse, it crumbles to dust.
You feel as if something is helping you.
You remove your -3 ring of evasion.
You drop a -3 ring of evasion.
d - a scroll of identify You see here a long sword.
You now have 281 gold pieces (gained 11).
You enter the shallow water.
Moving in this stuff is going to be slow.
There is an open door here.
You enter the shallow water.
Moving in this stuff is going to be slow.
You open the door.
The electric eel shoots out a bolt of lightning at you!
The bolt of electricity hits the plant. x2; The bolt of electricity hits you!
You take 9 damage, and have 53/62 hp.
You close the door.
You start resting.
Health restored: 62 You don't know that spell.
You conjure a globe of magical energy.
You are feeling hungry.
You now have 13/18 mp.
You open the door.
The electric eel shoots out a bolt of lightning at you!
The bolt of electricity hits you!
You take 4 damage, and have 58/62 hp.
The electric eel shoots out a bolt of lightning at you!
The bolt of electricity hits you!
The bolt of electricity hits your battlesphere.
Your battlesphere completely resists.
The electric eel shoots out a bolt of lightning at you!
The bolt of electricity hits the electric eel.
The electric eel completely resists.
The bolt of electricity hits you!
The bolt of electricity hits your battlesphere.
Your battlesphere completely resists.
There is an open door here.
You take 19 damage, and have 39/62 hp.
MASSIVE DAMAGE!!
The electric eel shoots out a bolt of lightning at you!
The bolt of electricity hits the plant.
The bolt of electricity hits your battlesphere.
Your battlesphere completely resists.
The bolt of electricity hits you! x2
The electric eel shoots out a bolt of lightning at you!
The bolt of electricity hits the electric eel.
The electric eel completely resists.
The bolt of electricity hits the plant.
The bolt of electricity misses you.
You take 8 damage, and have 31/62 hp.
Aim: an electric eel Your line of fire to the electric eel is blocked by a plant.
Continue anyway?
The magic dart hits the plant.
The electric eel shoots out a bolt of lightning at you!
The bolt of electricity hits the plant.
The bolt of electricity hits you! x2
* * * LOW HITPOINT WARNING * * *
The bolt of electricity hits your battlesphere.
Your battlesphere completely resists.
Your battlesphere fires!
The barrage of energy hits the electric eel.
The electric eel shoots out a bolt of lightning at you!
The bolt of electricity hits the electric eel.
The electric eel completely resists.
The bolt of electricity hits the plant.
The bolt of electricity hits your battlesphere.
Your battlesphere completely resists.
The bolt of electricity hits you!
* * * LOW HITPOINT WARNING * * *
You take 15 damage, and have 16/62 hp.
MASSIVE DAMAGE!!
You now have 12/18 mp.
Aim: an electric eel (almost dead)
Your line of fire to the electric eel is blocked by a plant.
Continue anyway?
The magic dart hits the plant.
The electric eel shoots out a bolt of lightning at you!
The bolt of electricity hits you!
* * * LOW HITPOINT WARNING * * *
The bolt of electricity misses you.
Your battlesphere fires!
The barrage of energy hits the electric eel.
You kill the electric eel!
You take 4 damage, and have 12/62 hp.
Aim: an electric eel Your line of fire to the electric eel is blocked by a plant.
Continue anyway?
The magic dart hits the plant.
Your battlesphere fires!
The barrage of energy hits the electric eel.
The electric eel shoots out a bolt of lightning at you!
The bolt of electricity hits your battlesphere.
Your battlesphere completely resists.
The bolt of electricity hits you!
You die...

_...######.####.....#.#.###.#....
..........<#.....####.#.###......
.....#####.#.###.# #.....)).....
.....# ###.#.###.# #.#.####.....
.)...# #.........# #.#.# ##....
>....###.#...########.#.# #....
.........#####..≈≈≈##...# ##...
##.#.#######≈..####≈###.# #...
##.#.###...≈)##'@.##.##.# #..#
.....##..#####.....#.##.# #..#
.#.#.####'..##..*..#.##.######...
.#.#.# #.....#PP.P.#≈##..........
.#.#.###.....#?P.≈$#≈#......##.#.
......##...PP#.[;.;#≈#......##.#.
.#.#..##=≈≈P≈#≈≈.≈≈#≈#......##.#.
.......#≈.)..##≈≈≈##≈#......##.#.
.......#≈≈.≈≈######≈##......##...


You could see 2 electric eels and a friendly battlesphere.

Vanquished Creatures
  Grinder (D:6)
  The ghost of Rufus the Conjurer, an amateur NaCj (D:4)
  Edmund (D:6)
  An orc warrior (D:6)
  An ice beast (D:6)
  A slave (D:5)
  An ogre (D:6)
  A phantom (D:4)
  2 centaurs
  2 bullfrogs
  A scorpion (D:4)
  A howler monkey (D:5)
  4 electric eels (D:6)
  A bullfrog zombie (D:6)
  2 crimson imps (D:6)
  A centaur zombie (D:6)
  4 orc priests
  Crazy Yiuf (D:3)
  A bullfrog skeleton (D:6)
  7 orc wizards
  A centaur skeleton (D:4)
  Jessica (D:2)
  3 iguanas
  3 worker ants
  2 hound skeletons (D:6)
  2 hound zombies
  3 gnolls (D:6)
  10 adders
  4 oozes
  2 worms (D:3)
  3 dart slugs
  5 leopard geckos
  34 orcs
  2 giant cockroaches
  14 goblins
  8 hobgoblins
  16 jackals
  A ball python (D:4)
  10 bats
  6 frilled lizards
  A jackal skeleton (D:4)
  A jackal zombie (D:5)
  6 kobolds
  A leopard gecko skeleton (D:4)
  A quokka skeleton (D:5)
  5 rats
180 creatures vanquished.

Notes
Turn   | Place    | Note
-------+----------+-------------------------------------------
     0 | D:1      | Firecrotchwizard the Draconian Conjurer began the quest for the Orb.
     0 | D:1      | Reached XP level 1. HP: 14/14 MP: 3/3
   290 | D:1      | Reached XP level 2. HP: 20/20 MP: 1/5
   294 | D:1      | Learned a level 2 spell: Searing Ray
   634 | D:1      | Reached XP level 3. HP: 26/26 MP: 3/6
  1402 | D:2      | Found a glowing golden altar of the Shining One.
  1503 | D:2      | Reached skill level 5 in Conjurations
  1777 | D:2      | Reached XP level 4. HP: 33/33 MP: 1/8
  1840 | D:2      | Learned a level 4 spell: Iskenderun's Mystic Blast
  1913 | D:2      | Reached skill level 3 in Spellcasting
  2106 | D:2      | Noticed Jessica
  2113 | D:2      | Killed Jessica
  2584 | D:3      | Reached XP level 5. HP: 38/38 MP: 3/10
  2678 | D:3      | HP: 9/38 [orc wizard/magic dart (3)]
  2681 | D:3      | HP: 1/38 [orc wizard/magic dart (9)]
  3225 | D:3      | Found a shattered altar of Ashenzari.
  3375 | D:3      | Reached skill level 6 in Conjurations
  3965 | D:3      | Found a runed door.
  3969 | D:3      | Noticed Crazy Yiuf
  3974 | D:3      | Killed Crazy Yiuf
  3974 | D:3      | Reached XP level 6. HP: 44/45 MP: 5/11
  4254 | D:4      | Reached skill level 4 in Spellcasting
  4423 | D:4      | Learned a level 5 spell: Iskenderun's Battlesphere
  4545 | D:4      | Noticed Sigmund
  4624 | D:4      | Noticed Rufus's ghost (amateur NaCj)
  4639 | D:4      | Killed Rufus's ghost
  4639 | D:4      | Reached skill level 1 in Charms
  4962 | D:4      | Reached skill level 2 in Charms
  4962 | D:4      | Your scales start taking on a dull iron-grey colour.
  4962 | D:4      | Reached XP level 7. HP: 50/50 MP: 6/13
  4962 | D:4      | Gained mutation: You can survive without breathing. [Grey Draconian growth]
  5080 | D:4      | Reached skill level 7 in Conjurations
  5335 | D:4      | Reached skill level 3 in Charms
  5798 | D:5      | Entered Level 5 of the Dungeon
  6232 | D:5      | Reached skill level 5 in Spellcasting
  6232 | D:5      | Reached skill level 4 in Charms
  6324 | D:6      | Reached XP level 8. HP: 45/57 MP: 12/15
  6327 | D:6      | Noticed Grinder
  6596 | D:6      | Killed Grinder
  6596 | D:6      | Reached skill level 5 in Charms
  7375 | D:6      | Found an opulent altar of Gozag.
  7395 | D:6      | Reached skill level 8 in Conjurations
  7482 | D:6      | Noticed Edmund
  7483 | D:6      | Reached skill level 6 in Charms
  7489 | D:6      | Killed Edmund
  7489 | D:6      | Reached skill level 6 in Spellcasting
  7702 | D:6      | Found a glowing silver altar of Zin.
  7732 | D:6      | Reached XP level 9. HP: 62/62 MP: 6/18
  8646 | D:6      | HP: 12/62 [electric eel/bolt of electricity (4)]
  8647 | D:6      | Killed from afar by an electric eel

Skill      XL: |  1  2  3  4  5  6  7  8 |
---------------+-------------------------+-----
Conjurations   | 5 6 7 8 |  8.3
Spellcasting   | 3 4 5 6 |  6.2
Charms         | 2 4 6 |  6.9
Dodging        | |  1.7
Stealth        | |  1.7

Action                   |  1- 3 |  4- 6 |  7- 9 || total
-------------------------+-------+-------+-------++-------
Melee: Club              |    35 |       |       ||    35
       Unarmed           |     1 |       |       ||     1
       Tailslap          |     1 |     8 |     5 ||    14
       Mace              |       |    22 |       ||    22
       Dagger            |       |     1 |       ||     1
       Quarterstaff      |       |    28 |    83 ||   111
 Cast: Magic Dart        |    89 |   131 |   212 ||   432
       Searing Ray       |       |     5 |     3 ||     8
       Iskenderun's Myst |       |       |     6 ||     6
       Iskenderun's Batt |       |       |     5 ||     5
  Use: Potion            |       |     2 |       ||     2
       Scroll            |       |       |    11 ||    11
 Stab: Sleeping          |     1 |       |     1 ||     2
       Petrifying        |       |       |     1 ||     1
  Eat: Chunk             |     4 |    10 |    10 ||    24
       Fruit             |       |       |     2 ||     2
       Beef jerky        |       |       |     1 ||     1
Armor: Skin              |    28 |    31 |    54 ||   113
Dodge: Dodged            |    44 |    53 |    82 ||   179

Vault maps used:
D:1:      dpeg_arrival_boxorama, minmay_misc_feat_diagonals
D:2:      old_standard_altar, uniq_jessica
D:3:      cheibrodos_ashenzari_chains, uniq_crazy_yiuf_cottage
D:4:      first_bread, uniq_sigmund
D:5:      uniq_pikel
D:6:      cheibrodos_two_vegetables, zin_treasury, overflow_temple_1_default,
          kennysheep_dice, uniq_grinder, uniq_edmund

Table legend:
 A = Turns spent in this place as a percentage of turns spent in the entire game.
 B = Non-inter-level travel turns spent in this place as a percentage of non-inter-level travel turns spent in the entire game.
 C = Inter-level travel turns spent in this place as a percentage of turns spent in this place.
 D = Turns resting spent in this place as a percentage of non-inter-level travel turns spent in this place.
 E = Turns spent auto-exploring this place as a percentage of non-inter-level travel turns spent in this place.
 F = Non-inter-level travel turns spent in this place divided by the number of levels of this place that you've seen.
                   A       B       C       D       E      F
               +-------+-------+-------+-------+-------+----------------------
         Total | 100.0 | 100.0 |   0.5 |  13.9 |  13.2 | 282.7
       Dungeon | 100.0 | 100.0 |   0.5 |  13.9 |  13.2 | 282.7
               +-------+-------+-------+-------+-------+----------------------

Table legend:
 A = Kills in this place as a percentage of kills in entire the game.
 B = Kills by you in this place as a percentage of kills by you in the entire game.
 C = Kills by friends in this place as a percentage of kills by friends in the entire game.
 D = Other kills in this place as a percentage of other kills in the entire game.
 E = Experience gained in this place as a percentage of experience gained in the entire game.
 F = Experience gained in this place divided by the number of levels of this place that you have seen.
                   A       B       C       D       E      F
               +-------+-------+-------+-------+-------+----------------------
         Total | 100.0 | 100.0 |  -nan |  -nan | 100.0 | 569.7
       Dungeon | 100.0 | 100.0 |  -nan |  -nan | 100.0 | 569.7
               +-------+-------+-------+-------+-------+----------------------
